 Dungeon Crawl Stone Soup version 0.26-a0-771-g060e6a62af (webtiles) character file.

Game seed: 3910062593656478962

8668 Queen the Carver (level 11, -4/90 (91) HPs)
             Began as a Minotaur Fighter on Nov 8, 2020.
             Was a Priest of the Shining One.
             Slain by a boulder beetle (47 damage)
             ... on level 9 of the Dungeon.
             The game lasted 00:18:09 (9256 turns).

Queen the Carver (Minotaur Fighter)                 Turns: 9256, Time: 00:18:10

HP:   -4/90 (91)    AC: 23    Str: 24    XL:     11   Next: 12%
MP:   10/10         EV: 23    Int:  5    God:    the Shining One [***...]
Gold: 489           SH:  6    Dex: 10    Spells: 10/10 levels left

rFire    . . .     SeeInvis .   a - +0 long sword
rCold    . . .     Faith    .   p - +0 buckler
rNeg     + . .     Spirit   .   N - +8 chain mail "Ufech" {rCorr}
rPois    +         Reflect  .   (helmet restricted)
rElec    .         Harm     .   j - +0 cloak
rCorr    +         Rampage  .   b - +0 pair of gloves
MR       .....                  k - +0 pair of boots
Stlth    ..........             i - amulet of the acrobat
HPRegen  0.25/turn              e - ring of attention (curse)
MPRegen  0.12/turn              o - ring of poison resistance

@: acrobat, glowing
A: retaliatory headbutt, horns 2
a: Divine Shield, Renounce Religion


You were on level 9 of the Dungeon.
You worshipped the Shining One.
The Shining One was most pleased with you.
You visited 1 branch of the dungeon, and saw 9 of its levels.

You collected 489 gold pieces.

Inventory:

Hand Weapons
 a - a +0 long sword (weapon)
Armour
 b - a +0 pair of gloves (worn)
 c - a +0 kite shield
 j - a +0 cloak (worn)
 k - a +0 pair of boots (worn)
 p - a +0 buckler (worn)
 N - the +8 chain mail "Ufech" (worn) {rCorr}
   (You found it on level 9 of the Dungeon)

   It provides partial protection from all sources of acid and corrosion.
Jewellery
 e - a cursed ring of attention (left hand)
 i - an amulet of the acrobat (around neck)
 o - a ring of poison resistance (right hand)
 w - a +6 ring of dexterity {unknown}
 J - an uncursed ring of fire {unknown}
 L - an uncursed ring of wizardry {unknown}
 M - a +6 ring of strength {unknown}
Wands
 z - a wand of iceblast (6)
 A - a wand of digging (4)
 I - a wand of flame (17)
 K - a wand of polymorph (8)
Scrolls
 f - 5 scrolls of remove curse
 g - 3 scrolls of enchant armour {unknown}
 h - 4 scrolls of teleportation {unknown}
 l - 2 scrolls of amnesia
 q - a scroll of enchant weapon {unknown}
 s - 6 scrolls of random uselessness {unknown}
 t - 3 scrolls of immolation {unknown}
 u - 3 scrolls of noise {unknown}
 y - a scroll of magic mapping
 F - a scroll of fear {unknown}
 H - a scroll of blinking
Potions
 d - 5 potions of might
 m - 2 potions of curing
 n - 3 potions of haste
 r - 2 potions of attraction {unknown}
 x - 3 potions of lignification {unknown}
 B - 2 potions of ambrosia {unknown}
 C - a potion of berserk rage {unknown}
 D - a potion of heal wounds {unknown}
 E - a potion of cancellation {unknown}


   Skills:
 * Level 6.5 Fighting
 - Level 14.0 Long Blades
 - Level 10.0 Armour
 + Level 10.9 Shields


You had 10 spell levels left.
You didn't know any spells.
Your spell library contained the following spells:

 Spells                   Type           Power        Failure   Level
 Confusing Touch          Hex            #.......     100%        3
 Gell's Gravitas          Tloc           #.........   100%        3
 Petrify                  Tmut/Erth      #.......     100%        4
 Irradiate                Conj/Tmut      #.........   100%        5
 Metabolic Englaciation   Hex/Ice        #.........   100%        5
 Yara's Violent Unravell  Hex/Tmut       #.........   100%        5
 Hydra Form               Tmut           #.........   100%        6
 Statue Form              Tmut/Erth      #........    100%        6
 Dragon Form              Tmut           #.........   100%        7


Dungeon Overview and Level Annotations

Branches:
Dungeon (9/15)             Temple (0/1) D:4            Lair (0/6) D:9
    Orc: D:9-12

Altars:
Ashenzari
Elyvilon
Gozag
Kikubaaqudgha
Okawaru
Ru
Uskayaw
Vehumet
Xom
Yredelemnul
Zin
The Shining One

Shops:
D:5 [


Innate Abilities, Weirdness & Mutations

You reflexively headbutt those who attack you in melee.
You have a pair of horns on your head.


Message History

The boulder beetle blinks!
The frost giant gestures at you while chanting.
The bolt of cold misses you.
The boulder beetle curls into a ball and begins rolling!
The boulder beetle misses you.
The boulder beetle stops rolling and uncurls.
You see here 16 poisoned darts.
You hit the boulder beetle but do no damage.
The boulder beetle is lightly wounded.
The frost giant casts a spell at you. The bolt of cold hits you!!!
Ouch! That really hurt!
The boulder beetle blinks!
Okay, then.
Okay, then.
Okay, then.
The boulder beetle curls into a ball and begins rolling!
The boulder beetle hits you!!!
Ouch! That really hurt!
You die...

.#########'#........# #.# ..#
#......#.###.# #.### #.##
#........#...# #...# #..###
#....##..#.### ###.# ##...#
#....##(C#.#### #.#
.#(..###....##..#[.†.# #.#
.##...()....###.####.######.#
..#...##....# #..# #........#
..##...#.#### #.@############
######....## #.B........#
###..###...#####○#######.#
##..##.###...###..######.#
.#.)#....###...##.#......#
#...#......###....#.######
.##....##.....##..#.#
#.#.#......###......#
.##.#....###...###..#


You could see a frost giant and a boulder beetle.

Vanquished Creatures
  Harold (D:9)
  A wizard (D:9)
  Joseph (D:7)
  A hornet (D:7)
  A steam dragon (D:8)
  14 yaks (D:9)
  Menkaure (D:5)
  Duvessa (D:7)
  A sky beast (D:8)
  A black bear (D:9)
  3 phantoms
  2 necrophages (D:9)
  4 ogres
  5 centaurs
  A big kobold (D:9)
  9 bullfrogs
  Blork the orc (D:5)
  2 gnoll sergeants
  6 scorpions
  Dowan (D:7)
  10 killer bees
  5 howler monkeys
  A crimson imp (D:9)
  4 quasits
  A bullfrog zombie (D:8)
  3 hounds
  A jelly (D:8)
  A bullfrog skeleton (D:6)
  2 centaur skeletons
  2 gnoll shamans
  4 orc priests
  2 orc wizards
  3 iguanas
  9 worker ants
  A hound zombie (D:5)
  20 gnolls
  14 adders
  4 white imps
  An ufetubus (D:7)
  3 worms
  A dart slug (D:1)
  3 leopard geckos
  23 orcs
  7 giant cockroaches
  6 goblins
  3 hobgoblins
  7 kobolds
  5 quokkas
  3 ball pythons
  9 bats
  A leopard gecko skeleton (D:4)
  4 rats
220 creatures vanquished.

Notes
Turn   | Place    | Note
-------+----------+-------------------------------------------
     0 | D:1      | Queen the Minotaur Fighter began the quest for the Orb.
     0 | D:1      | Reached XP level 1. HP: 19/19 MP: 0/0
    83 | D:1      | Reached skill level 3 in Long Blades
   106 | D:1      | Reached XP level 2. HP: 26/26 MP: 1/1
   625 | D:2      | Found a glowing golden altar of the Shining One.
   825 | D:2      | Became a worshipper of the Shining One
   915 | D:2      | Reached skill level 4 in Long Blades
  1202 | D:2      | Reached XP level 3. HP: 31/31 MP: 2/2
  1466 | D:3      | Found a shimmering altar of Xom.
  1486 | D:3      | Found a white marble altar of Elyvilon.
  1551 | D:3      | Reached skill level 5 in Long Blades
  1640 | D:3      | Reached XP level 4. HP: 39/39 MP: 3/3
  1647 | D:3      | Reached skill level 6 in Long Blades
  1786 | D:3      | Reached * piety under the Shining One
  1792 | D:3      | Reached XP level 5. HP: 45/45 MP: 4/4
  1931 | D:4      | Reached skill level 7 in Long Blades
  1959 | D:4      | Reached XP level 6. HP: 21/51 MP: 5/5
  2000 | D:4      | Reached skill level 8 in Long Blades
  2355 | D:4      | Found a staircase to the Ecumenical Temple.
  2377 | D:4      | Found a radiant altar of Vehumet.
  2406 | D:4      | You fall into a shaft and drop 2 floors!
  2425 | D:6      | Reached skill level 9 in Long Blades
  2425 | D:6      | Reached XP level 7. HP: 57/57 MP: 6/6
  2515 | D:5      | Entered Level 5 of the Dungeon
  2530 | D:5      | Noticed Blork the orc
  2539 | D:5      | Killed Blork the orc
  2576 | D:5      | Reached skill level 10 in Long Blades
  2592 | D:5      | Found Coatwaog's Antique Armour Shop.
  2711 | D:5      | Reached ** piety under the Shining One
  2876 | D:5      | Noticed Menkaure
  2881 | D:5      | Killed Menkaure
  3194 | D:5      | Reached skill level 11 in Long Blades
  3194 | D:5      | Reached XP level 8. HP: 64/64 MP: 7/7
  3499 | D:6      | Found a broken altar of Ashenzari.
  3612 | D:6      | Reached skill level 12 in Long Blades
  3853 | D:6      | Reached skill level 13 in Long Blades
  3905 | D:6      | Found an iron altar of Okawaru.
  4108 | D:7      | Noticed a hornet
  4119 | D:7      | Killed a hornet
  4119 | D:7      | Reached XP level 9. HP: 43/70 MP: 8/8
  4362 | D:7      | Noticed Dowan
  4363 | D:7      | Noticed Duvessa
  4369 | D:7      | Killed Dowan
  4397 | D:7      | Killed Duvessa
  4397 | D:7      | Reached skill level 14 in Long Blades
  4975 | D:7      | Reached skill level 5 in Armour
  5114 | D:7      | Noticed Joseph
  5126 | D:7      | Killed Joseph
  5989 | D:8      | Reached *** piety under the Shining One
  6046 | D:8      | HP: 2/71 [something (7)]
  6587 | D:8      | Reached XP level 10. HP: 53/78 MP: 9/9
  6708 | D:8      | Found a sacrificial altar of Ru.
  6848 | D:8      | Reached skill level 10 in Armour
  7261 | D:9      | Reached skill level 5 in Fighting
  7275 | D:9      | Reached skill level 5 in Shields
  7618 | D:9      | Noticed Harold
  7648 | D:9      | Killed Harold
  7680 | D:9      | Found a staircase to the Lair.
  7684 | D:9      | Found a glowing silver altar of Zin.
  7791 | D:9      | Found an ancient bone altar of Kikubaaqudgha.
  7792 | D:9      | Found an opulent altar of Gozag.
  7792 | D:9      | Found a hide-covered altar of Uskayaw.
  7794 | D:9      | Found a basalt altar of Yredelemnul.
  7886 | D:9      | Reached **** piety under the Shining One
  7896 | D:9      | Reached skill level 10 in Shields
  8227 | D:9      | Reached XP level 11. HP: 51/87 MP: 10/10
  8460 | D:9      | Noticed a wizard
  8469 | D:9      | Killed a wizard
  8726 | D:9      | Noticed a frost giant
  8728 | D:9      | Noticed a boulder beetle
  9150 | D:9      | Got a scorched chain mail
  9154 | D:9      | Identified the +8 chain mail "Ufech" {rCorr} (You found it
                  | on level 9 of the Dungeon)
  9256 | D:9      | Slain by a boulder beetle

Illustrated notes

Levels and vault maps discovered:
D:1:      tarquinn_simple_flora_water_a, layout_loops_ring
D:2:      layout_basic, nicolae_tso_swordbearing_angel
D:3:      layout_loops_ring, lemuel_crystal_altar, elyvilon_altar_4
D:4:      layout_basic, kennysheep_mini_moat,
          chequers_temple_overflow_statue_of_worship, temple_pool_b,
          minmay_pentomino_pile
D:5:      layout_loops_ring, serial_shops, nicolae_shop_trees,
          minmay_misc_feat_enclosed, roderic_cross_of_infinity,
          kennysheep_generic_room_14, uniq_menkaure, uniq_blork_the_orc
D:6:      minmay_clustersquares, layout_cave_pools, kennysheep_mini, basic_altar
D:7:      layout_basic, uniq_joseph, uniq_duvessa
D:8:      layout_loops_ring, nicolae_ru_great_annihilating_truth
D:9:      minmay_the_grid_four_pointed_star [minmay_the_grid_triangle_9x9_empty,
          minmay_the_grid_triangle_9x9_minimal,
          minmay_the_grid_triangle_9x9_dagger,
          minmay_the_grid_triangle_9x9_pentomino_pain,
          minmay_the_grid_prize_diamond_cup], layout_basic, minitemple,
          lightli_wizard_tower, uniq_harold

Skill      XL: |  1  2  3  4  5  6  7  8  9 10 11 |
---------------+----------------------------------+-----
Long Blades    | 3 4 5 6 7 9 11 13 14 | 14.0
Fighting       | 4 5 6 |  6.5
Shields        | 4 10 | 10.9
Armour         | 9 10 | 10.0

Action                   |  1- 3 |  4- 6 |  7- 9 | 10-12 || total
-------------------------+-------+-------+-------+-------++-------
Melee: Long sword        |    71 |    98 |   296 |   273 ||   738
       Headbutt          |     8 |    19 |    57 |    63 ||   147
Invok: Divine Shield     |       |       |       |     4 ||     4
  Use: Scroll            |     5 |     2 |     1 |     1 ||     9
Armor: Scale mail        |    33 |    32 |    95 |    11 ||   171
       Chain mail        |       |       |       |    53 ||    53
Dodge: Dodged            |    33 |    46 |   148 |    77 ||   304
Block: Kite shield       |    22 |       |       |       ||    22
       Buckler           |     4 |    19 |    64 |    51 ||   138
       Rpst.: Long sword |    11 |    13 |    33 |    18 ||    75

Table legend: (Time is in decaauts)
 A = Elapsed time spent in this place.
 B = Non-inter-level travel time spent in this place.
 C = Inter-level travel time spent in this place.
 D = Time resting spent in this place.
 E = Time spent auto-exploring this place.
 F = Levels seen in this place.
 G = Mean time per level.
                   A        B        C        D        E       F      G
               +--------+--------+--------+--------+--------+-----+--------+
         Total |   9135 |   8699 |    436 |   2740 |   4384 |   9 | 1015.0 |
       Dungeon |   9135 |   8699 |    436 |   2740 |   4384 |   9 | 1015.0 |
               +--------+--------+--------+--------+--------+-----+--------+

Top non-repeatable levels by time:
     D:7: 1741 daAuts
     D:8: 1526 daAuts
     D:9: 1501 daAuts
     D:6: 1055 daAuts
     D:5: 883 daAuts
     D:2: 799 daAuts
     D:1: 603 daAuts
     D:3: 529 daAuts
     D:4: 494 daAuts
